 Dungeon Crawl Stone Soup version 0.28-a0-305-g9e858e973b (webtiles) character file.

Game seed: 4619926644890278069

244 timneilson the Shield-Bearer (level 6, -3/38 HPs)
             Began as a Gargoyle Fighter on Aug 29, 2021.
             Slain by an ogre (14 damage)
             ... on level 4 of the Dungeon.
             The game lasted 00:04:27 (3563 turns).

timneilson the Shield-Bearer (Gargoyle Fighter)     Turns: 3563, Time: 00:04:28

Health: -3/38      AC: 15    Str: 21    XL:     6   Next: 10%
Magic:  6/6        EV:  5    Int:  9    God:
Gold:   170        SH:  9    Dex: 15    Spells: 5/5 levels left

rFire   . . .      SeeInvis .   a - +1 long sword
rCold   . . .      Faith    .   c - +0 kite shield
rNeg    + + .      Spirit   .   q - +0 chain mail
rPois   ∞          Reflect  .   (no helmet)
rElec   +          Harm     .   (no cloak)
rCorr   .          Rampage  .   k - +0 pair of gloves
Will    .....                   (no boots)
Stlth   ..........              (no amulet)
HPRegen 0.12/turn               l - +6 ring of dexterity
MPRegen 0.10/turn               d - ring of positive energy

@: no status effects
A: sickness immunity, AC +4, negative energy resistance 1, electricity
resistance, torment resistance 1, petrification resistance
a: no special abilities


You were on level 4 of the Dungeon.
You visited 1 branch of the dungeon, and saw 4 of its levels.

You collected 170 gold pieces.

Inventory:

Hand Weapons
 a - a +1 long sword (weapon)
Armour
 c - a +0 kite shield (worn)
 k - a +0 pair of gloves (worn)
 q - a +0 chain mail (worn)
Jewellery
 d - a ring of positive energy (right hand)
 l - a +6 ring of dexterity (left hand)
Wands
 o - a wand of flame (17)
Scrolls
 i - a scroll of amnesia {unknown}
 j - a scroll of magic mapping
Potions
 e - a potion of attraction
 f - a potion of magic {unknown}
 g - a potion of ambrosia {unknown}
 h - 2 potions of curing
 m - a potion of mutation {unknown}
 n - 2 potions of haste {unknown}
 p - a potion of flight {unknown}


   Skills:
 + Level 4.0 Fighting
 * Level 3.3 Long Blades
 * Level 4.7 Armour
 * Level 4.8 Shields
 + Level 0.0 Evocations


You had 5 spell levels left.
You didn't know any spells.
Your spell library contained the following spells:

 Spells                   Type           Power      Damage    Failure   Level
 Beastly Appendage        Tmut           0%         N/A       100%        1
 Wereblood                Tmut           0%         N/A       100%        2
 Ozocubu's Armour         Ice            0%         N/A       100%        3
 Spider Form              Tmut/Pois      0%         N/A       100%        3
 Passage of Golubria      Tloc           N/A        N/A       100%        4
 Silence                  Hex/Air        0%         N/A       100%        5
 Ozocubu's Refrigeration  Ice            0%         4d5       100%        7
 Lehudib's Crystal Spear  Conj/Erth      0%         10d2      100%        8


Dungeon Overview and Level Annotations

Branches:
Dungeon (4/15)
 Temple: D:4-7

Altars:
Fedhas
Qazlal
Vehumet


Innate Abilities, Weirdness & Mutations

You are immune to sickness and miasma.
Your stone body is resilient. (AC +4)
You are immune to poison.
You resist negative energy. (rN+)
You are resistant to electric shocks. (rElec)
You are resistant to unholy torment.
You are immune to petrification.


Message History

A dart slug comes into view.
You see here a +0 chain mail.
The dart slug bites you but does no damage.
You slash the dart slug!
The dart slug is severely wounded.
You block the dart slug's attack.
You hit the dart slug but do no damage.
The dart slug is severely wounded.
The dart slug launches a dart at you. You block the slug dart.
You slash the dart slug!
You kill the dart slug!
You see here a +0 chain mail.
q - a +0 chain mail You start removing your armour.
You continue taking off your +0 scale mail. x4
You finish taking off your +0 scale mail.
You start putting on your armour.
You continue putting on your +0 chain mail. x5
You finish putting on your +0 chain mail.
Drop what? 17/52 slots (_ for help) (? for menu, Esc to quit)
You drop a +0 scale mail.
An ogre comes into view. It is wielding a +0 giant club.
You barely miss the ogre. The ogre barely misses you.
You hit the ogre but do no damage. The ogre hits you but does no damage.
You slash the ogre!
The ogre is moderately wounded.
The ogre hits you with a +0 giant club.
You hit the ogre.
The ogre is heavily wounded.
The ogre closely misses you.
Your shield and chain mail prevent you from hitting the ogre.
The ogre is heavily wounded.
The ogre hits you with a +0 giant club!!
Ouch! That really hurt!
* * * LOW HITPOINT WARNING * * *
You hit the ogre.
The ogre is severely wounded.
The ogre hits you with a +0 giant club!
You die...

### #.. #.# ###
##.# ##.. #..# ....
#.O# #... #.@## #..
##..## #.. #...## .
#.. #.#..# .. #..
#.##.# ..# #..
####.####..# ##.
#......# ####.
##[.#######....
##.###.#####....###


You could see an ogre.

Vanquished Creatures
  A water moccasin skeleton (D:4)
  2 jellies (D:3)
  A hound zombie (D:2)
  An adder (D:4)
  2 worms (D:2)
  3 dart slugs
  2 orcs (D:3)
  6 ball pythons
  2 bats (D:2)
  2 bat skeletons (D:2)
  A bat zombie (D:2)
  15 endoplasms
  2 giant cockroaches
  5 goblins
  9 hobgoblins
  4 quokkas
  A ball python skeleton (D:2)
  A ball python zombie (D:2)
  4 frilled lizards
  A giant cockroach zombie (D:2)
  A jackal skeleton (D:2)
  13 kobolds
  3 quokka zombies (D:2)
  6 rats
88 creatures vanquished.

Vanquished Creatures (others)
  3 fungi (D:3)
  7 toadstools (D:3)
10 creatures vanquished.

Grand Total: 98 creatures vanquished

Notes
Turn   | Place    | Note
-------+----------+-------------------------------------------
     0 | D:1      | timneilson the Gargoyle Fighter began the quest for the
                  | Orb.
     0 | D:1      | Reached XP level 1. HP: 14/14 MP: 1/1
   199 | D:1      | Reached XP level 2. HP: 16/19 MP: 2/2
   301 | D:1      | Found a faded altar of an unknown god.
   777 | D:2      | Reached XP level 3. HP: 21/23 MP: 3/3
  1132 | D:2      | Reached XP level 4. HP: 28/28 MP: 4/4
  1799 | D:2      | Found a radiant altar of Vehumet.
  2370 | D:3      | Reached XP level 5. HP: 24/33 MP: 5/5
  3029 | D:3      | Found a stormy altar of Qazlal.
  3030 | D:3      | Found a blossoming altar of Fedhas.
  3230 | D:4      | Reached XP level 6. HP: 22/38 MP: 6/6
  3563 | D:4      | Slain by an ogre

Illustrated notes

Levels and vault maps discovered:
D:1:      dpeg_arrival_houses_and_road, layout_loops_ring,
          hellmonk_ecumenical_altar_inner_sanctum, chequers_decorated_corner,
          kennysheep_another_room, minmay_hexomino_u4
D:2:      minmay_skewed_foursquare, layout_loops_cross, serial_undead,
          serial_undead_b, serial_undead_b, serial_undead_a, serial_undead_e,
          serial_undead_d, serial_undead_f, kennysheep_flooded_box
D:3:      cheibrodos_fertilizer, layout_loops_ring,
          grunt_temple_overflow_forces_of_nature
D:4:      minmay_polygon_palace, layout_rooms, minivault_26

Skill      XL: |  1  2  3  4  5 |
---------------+----------------+-----
Long Blades    | 2 3 |  3.3
Shields        | 4 |  4.8
Armour         | 4 |  4.7
Fighting       | 4 |  4.0

Action                   |  1- 3 |  4- 6 || total
-------------------------+-------+-------++-------
Melee: Long sword        |   106 |   138 ||   244
  Use: Scroll            |     2 |     3 ||     5
       Potion            |       |     1 ||     1
Armor: Scale mail        |    69 |    61 ||   130
       Chain mail        |       |     1 ||     1
Dodge: Dodged            |    44 |    29 ||    73
Block: Kite shield       |    67 |    59 ||   126

Table legend: (Time is in decaauts)
 A = Elapsed time spent in this place.
 B = Non-inter-level travel time spent in this place.
 C = Inter-level travel time spent in this place.
 D = Time resting spent in this place.
 E = Time spent auto-exploring this place.
 F = Levels seen in this place.
 G = Mean time per level.
                   A        B        C        D        E       F      G
               +--------+--------+--------+--------+--------+-----+--------+
         Total |   3682 |   3528 |    154 |      0 |   2801 |   4 |  920.5 |
       Dungeon |   3682 |   3528 |    154 |      0 |   2801 |   4 |  920.5 |
               +--------+--------+--------+--------+--------+-----+--------+

Top non-repeatable levels by time:
     D:3: 1405 daAuts
     D:2: 1145 daAuts
     D:1: 767 daAuts
     D:4: 364 daAuts
